AoeStats
← K

Arabia

508248198Analyzed
1v1 RM · 11d ago on Sep 21, 2026· 26m 51s· 2 players
Game mode
Random Map
Map size
Tiny (2 player)
Population
200
Speed
Normal
Resources
Standard
Victory
Conquest
Starting age
Dark Age
Ending age
Imperial Age
RankedLock teamsTeams togetherTeam positionsShared explorationLock speedFull tech treeHidden civsTurbo modeCheats
Victory
Defeat
🇬🇧 Chinese · United Kingdom
1000
+48
🇨🇿 Franks · Czechia
1010
-16
K
10:39 Feudal Age
11:56 Loom
20:44 Castle Age
19:00 Forging
18:41 Double-Bit Axe
19:04 Gold Mining
19:32 Scale Mail Armor
20:55 Padded Archer Armor
21:21 Pikeman
22:46 Iron Casting
22:21 Crossbowman
25:17 Chain Mail Armor
24:55 Fletching
25:15 Thumb Ring
decruthor.bedecz
9:46 Feudal Age
8:04 Loom
9:51 Feudal Age
11:49 Man-at-Arms
15:36 Double-Bit Axe
21:18 Castle Age
19:13 Gold Mining
20:02 Scale Barding Armor
20:07 Forging
22:57 Chain Barding Armor
24:38 Bow Saw
26:12 Iron Casting
Connection lost

Rejoining the realm…

Still unreachable

The connection could not be restored.

Session expired

The server has moved on; the page needs a fresh start.